 Dungeon Crawl Stone Soup version 0.29.1-13-g9f3cf754e1 (webtiles) character file.

Game seed: 6252514374053995603

170 buriedalive the Chiller (level 5, -5/28 HPs)
             Began as a Deep Elf Ice Elementalist on Jan 30, 2023.
             Was an Initiate of Kikubaaqudgha.
             Killed from afar by Sigmund (12 damage)
             ... with a bolt of dispelling energy
             ... on level 4 of the Dungeon.
             The game lasted 00:07:26 (2941 turns).

buriedalive the Chiller (Deep Elf Ice Elementalist) Turns: 2941, Time: 00:07:28

Health: -5/28      AC:  2    Str:  5    XL:     5   Next: 26%
Magic:  2/13       EV: 14    Int: 22    God:    Kikubaaqudgha [......]
Gold:   215        SH:  0    Dex: 15    Spells: 3/12 levels left

rFire   . . .      SeeInvis .   r - +0 rapier
rCold   . . .      Faith    .   (no shield)
rNeg    . . .      Spirit   .   a - +0 robe
rPois   .          Reflect  .   (no helmet)
rElec   .          Harm     .   (no cloak)
rCorr   +          Rampage  .   (no gloves)
Will    .....                   (no boots)
Stlth   +.........              (no amulet)
HPRegen 0.09/turn               o - ring of wizardry
MPRegen 0.13/turn               x - ring of resist corrosion

@: confused, freezing walls, attractive
A: no striking features
a: Renounce Religion


You were on level 4 of the Dungeon.
You worshipped Kikubaaqudgha.
Kikubaaqudgha was noncommittal.
You visited 2 branches of the dungeon, and saw 5 of its levels.

You collected 215 gold pieces.

Inventory:

Hand Weapons
 e - a +0 dagger
 r - a +0 rapier (weapon)
Missiles
 f - 29 stones
 h - 6 poisoned darts
 s - a throwing net
Armour
 a - a +0 robe (worn)
Jewellery
 o - a ring of wizardry (left hand)
 p - a ring of fire
 t - an amulet of faith
 w - a ring of wizardry
 x - a ring of resist corrosion (right hand)
Scrolls
 g - a scroll of torment {unknown}
 i - 8 scrolls of identify {unknown}
 j - a scroll of acquirement {unknown}
 k - a scroll of noise {unknown}
 l - 2 scrolls of fear {unknown}
 n - a scroll of enchant weapon {unknown}
 u - a scroll of butterflies {unknown}
 v - a scroll of poison {unknown}
Potions
 b - 2 potions of magic
 c - a potion of mutation {unknown}
 d - 2 potions of attraction
 m - 2 potions of curing {unknown}
 q - a potion of heal wounds {unknown}


   Skills:
 + Level 4.5 Dodging
 - Level 2.4 Stealth
 + Level 4.3 Spellcasting
 + Level 5.7 Ice Magic


You had 3 spell levels left.
You knew the following spells:

 Your Spells              Type           Power      Damage    Failure   Level
a - Freeze                Ice            100%       1d11      1%          1
b - Ozocubu's Armour      Ice            29%        N/A       1%          3
c - Frozen Ramparts       Ice            58%        1d9       1%          3
d - Blink                 Tloc           8%         N/A       6%          2

Your spell library contained the following spells:

 Spells                   Type           Power      Damage    Failure   Level
 Lesser Beckoning         Tloc           4%         N/A       13%         3
 Hailstorm                Conj/Ice       17%        3d6       13%         4
 Manifold Assault         Tloc           4%         N/A       71%         5
 Storm Form               Tmut/Air       2%         N/A       100%        7


Dungeon Overview and Level Annotations

Branches:
Dungeon (4/15)             Temple (1/1) D:4

Altars:
Cheibriados
Dithmenos
Gozag
Hepliaklqana
Kikubaaqudgha
Nemelex Xobeh
Okawaru
Qazlal
Ru
Sif Muna
Trog
Uskayaw
Vehumet
Wu Jian
Yredelemnul
Zin
The Shining One

Shops:
D:2 (   D:3 (

Annotations:
D:4 Sigmund


Message History

Aim: Sigmund, wielding a +0 scythe, wearing a +0 robe and carrying a wand of quicksilver (6)
You freeze Sigmund.
Sigmund is lightly wounded.
Sigmund gestures wildly while chanting.
Sigmund flickers and vanishes!
Deactivating autopickup; reactivate with Ctrl-A.
Casting: Freeze (safe; 1% risk of failure)
Confirm with . or Enter, or press ? or * to list all spells.
You can't see any susceptible monsters within range! (Use Z to cast anyway.) Unknown command.
Casting: Freeze (safe; 1% risk of failure)
Confirm with . or Enter, or press ? or * to list all spells.
Casting: Frozen Ramparts (safe; 1% risk of failure)
Press: ? - help, Dir - look around, f - activate The walls around you are covered in ice.
The wall freezes something!
You hear some strange, mumbled words.
A magic dart appears from out of thin air!
The magic dart hits you!
Casting: Frozen Ramparts (safe; 1% risk of failure)
Confirm with . or Enter, or press ? or * to list all spells.
Aiming: Freeze (safe; 1% risk of failure)
Press: ? - help, Shift-Dir - straight line You freeze something.
The wall freezes something.
You hear some strange, mumbled words.
You are confused.
Unknown command.
You're too confused to cast spells.
Okay, then.
The wall freezes something.
Something hits you!
* * * LOW HITPOINT WARNING * * *
It was a potion of attraction.
You feel attractive to monsters.
The wall freezes something.
You hear a zap.
A bolt of dispelling energy appears from out of thin air!
The bolt of dispelling energy hits you!
Your magical effects are unravelling.
You die...
Kikubaaqudgha rasps: "You have failed me!
Welcome... death!"

####
##########.....#
#.......######.#
#.......# #.#
#.......######.#
#..............#
#..........#####
#..........#
#....?..##.#
#......@##...
#......{##.....
#.......##......
##########......
#......


There were no monsters in sight!

Vanquished Creatures
  A scorpion (D:4)
  3 adders
  4 gnolls (D:3)
  6 endoplasms
  4 goblins
  3 hobgoblins
  5 jackals
  A quokka (D:2)
  4 ball pythons
  3 bats
  2 frilled lizards (D:3)
  6 kobolds
  5 rats
47 creatures vanquished.

Notes
Turn   | Place    | Note
-------+----------+-------------------------------------------
     0 | D:1      | buriedalive the Deep Elf Ice Elementalist began the quest
                  | for the Orb.
     0 | D:1      | Reached XP level 1. HP: 10/10 MP: 6/6
   237 | D:1      | Reached XP level 2. HP: 15/15 MP: 5/8
   924 | D:2      | Found Xummoesa's Antique Weapon Shoppe.
  1175 | D:2      | Reached skill level 5 in Ice Magic
  1423 | D:3      | Reached XP level 3. HP: 9/19 MP: 6/9
  1589 | D:3      | Learned a level 3 spell: Ozocubu's Armour
  1593 | D:3      | Learned a level 3 spell: Frozen Ramparts
  1622 | D:3      | Found Vuajif's Antique Weapon Shoppe.
  1719 | D:3      | Reached XP level 4. HP: 15/24 MP: 3/11
  1976 | D:3      | Found a faded altar of an unknown god.
  1981 | D:3      | Found a shadowy altar of Dithmenos.
  2067 | D:3      | Found a hide-covered altar of Uskayaw.
  2215 | D:3      | Learned a level 2 spell: Blink
  2400 | D:4      | Found a staircase to the Ecumenical Temple.
  2420 | Temple   | Entered the Ecumenical Temple
  2561 | Temple   | Became a worshipper of Kikubaaqudgha
  2924 | D:4      | Noticed a scorpion
  2930 | D:4      | Killed a scorpion
  2931 | D:4      | Reached XP level 5. HP: 26/28 MP: 6/13
  2933 | D:4      | Noticed Sigmund
  2941 | D:4      | Killed from afar by Sigmund

Illustrated notes

Levels and vault maps discovered:
D:1:      minmay_arrival_five_plusses, layout_basic
D:2:      layout_loops_ring, serial_shops, nicolae_shop_trees
D:3:      layout_loops_cross, nicolae_overflow_ecumenical_swirl,
          nicolae_uskayaw_dance_hall, serial_shops, nicolae_shop_crystal
D:4:      layout_basic, mainiacjoe_overflow_alcove_1,
          minmay_temple_entry_offerings, kennysheep_generic_room_13,
          uniq_sigmund
Temple:   regret_index_temple_waves

Skill      XL: |  1  2  3  4 |
---------------+-------------+-----
Dodging        | 3 4 |  4.5
Ice Magic      | 5 |  5.7
Spellcasting   | 4 |  4.3
Stealth        | |  2.4

Action                   |  1- 3 |  4- 6 || total
-------------------------+-------+-------++-------
Melee: Dagger            |    21 |       ||    21
       Rapier            |     3 |    10 ||    13
 Cast: Freeze            |    29 |    14 ||    43
       Frozen Ramparts   |     2 |     2 ||     4
  Use: Potion            |       |     1 ||     1
 Stab: Sleeping          |     7 |     3 ||    10
Armor: Robe              |     6 |     2 ||     8
Dodge: Dodged            |    21 |     9 ||    30
